[Event "Satka Autumn 2018"]
[Site "Satka"]
[Date "2018.09.16"]
[Round "6"]
[White "Aleshina, Arina"]
[Black "Simakova, Elena"]
[Result "0-1"]
[ECO "B36"]
[WhiteElo "1319"]
[BlackElo "1935"]
[Annotator "NA RC"]
[PlyCount "84"]
[EventDate "2018.09.11"]
[EventType "swiss"]
[EventCountry "RUS"]
[SourceTitle "playchess.com"]
[Source "ChessBase"]
[SourceQuality "1"]
[TimeControl "40/5400+30:1800+30"]

1. e4 c5 2. Nf3 Nc6 3. d4 cxd4 4. Nxd4 g6 5. c4 Nf6 6. Nc3 Nxd4 7. Qxd4 d6 8. Be3 Bg7 9. Be2 O-O 10. Qd1 Be6 11. Rc1 Qa5 12. Qd2 Rfc8 13. b3 a6 14. f3 b5 {[%emt 0:09:38] LiveBook: 11 Games [#] B38: Sizilianisch (Maroczy-Aufbau)} 15. Nb1 $146 ({Vorgänger:} 15. Nd5 Qxd2+ 16. Kxd2 Nxd5 17. cxd5 Bd7 18. Rxc8+ Rxc8 19. Rc1 Rxc1 20. Kxc1 Kf8 21. Kc2 Ke8 22. Bb6 e6 23. dxe6 fxe6 24. Kd3 Bc6 25. f4 e5 26. g3 d5 27. exd5 Bxd5 28. fxe5 Bxe5 {½-½ (50) Li,C (2745)-Nguyen,N (2629) Ashkhabad 2017}) 15... Qxd2+ 16. Nxd2 Nd7 17. O-O b4 18. Rfd1 (18. f4 $15 Nc5 19. Bf3) 18... a5 19. Nb1 Nc5 20. Bd4 Bh6 21. Rc2 f5 22. e5 dxe5 23. Bxe5 a4 24. Rb2 axb3 25. axb3 Be3+ 26. Kf1 Rd8 27. Rxd8+ Rxd8 28. Ke1 $2 (28. Ra2 $17 {was called for.}) 28... Bc1 29. Rc2 Nxb3 30. c5 Be3 31. c6 Bd4 32. c7 Rc8 33. Ba6 (33. Bg3 $11 Nc5 34. Rd2) 33... Bxe5 34. Bxc8 Bxc8 35. Rc4 Bd6 36. Rc2 Kf7 37. Ra2 Ke6 38. Rb2 Nd4 39. Nd2 Bxc7 40. Kf2 Bd6 41. Nc4 Bc5 $19 42. Kf1 Ba6 0-1

[Event "Satka Autumn 2018"]
[Site "Satka"]
[Date "2018.09.16"]
[Round "6"]
[White "Skobochkina, Maria"]
[Black "Mikheeva, Galina"]
[Result "0-1"]
[ECO "C54"]
[WhiteElo "1294"]
[BlackElo "1767"]
[Annotator "NA RC"]
[PlyCount "40"]
[EventDate "2018.09.11"]
[EventType "swiss"]
[EventCountry "RUS"]
[SourceTitle "playchess.com"]
[Source "ChessBase"]
[SourceQuality "1"]
[TimeControl "40/5400+30:1800+30"]

1. e4 e5 2. Nf3 Nc6 3. Bc4 Bc5 4. c3 Nf6 5. d3 O-O 6. Bg5 Be7 7. Nbd2 d6 8. h3 h6 9. Bh4 Nh7 10. Bxe7 Nxe7 11. Nh4 d5 12. Bb3 Ng5 13. Nhf3 Nxf3+ 14. Nxf3 dxe4 15. dxe4 Ng6 16. O-O Qf6 17. Qc2 Bxh3 18. Qd1 Bg4 19. Bc4 Rad8 20. Qe2 Nh4 0-1

[Event "Satka Autumn 2018"]
[Site "Satka"]
[Date "2018.09.16"]
[Round "6"]
[White "Kilina, Elizaveta"]
[Black "Sosnina, Ekaterina"]
[Result "0-1"]
[ECO "B01"]
[WhiteElo "1226"]
[BlackElo "1955"]
[Annotator "NA RC"]
[PlyCount "92"]
[EventDate "2018.09.11"]
[EventType "swiss"]
[EventCountry "RUS"]
[SourceTitle "playchess.com"]
[Source "ChessBase"]
[SourceQuality "1"]
[TimeControl "40/5400+30:1800+30"]

1. e4 d5 2. exd5 Nf6 3. c4 e6 4. dxe6 Bxe6 5. Nf3 Qe7 {[%emt 0:00:01] LiveBook: 35 Games [#]} 6. Nc3 {[%emt 0:04:12] B01: Scandinavian Defence} (6. Qe2 $1 $16 Nc6 7. d4 Bg4 8. Be3 O-O-O 9. d5 Ne4 10. Nc3 Nxc3 11. bxc3 Ne5 12. Qc2 Bxf3 13. gxf3 Nxf3+ 14. Ke2 Ne5 15. Bh3+ {½-½ (38) Nguyen,N (2579)-Tomczak,J (2451) Gaziantep 2008}) 6... Bxc4+ 7. Be2 Nc6 8. O-O Bxe2 9. Qxe2 Qxe2 $146 ({Predecessor:} 9... O-O-O 10. Re1 Qd7 11. Qf1 Nb4 12. Rb1 Nd3 13. Re3 {0-1 (56) Berg,R (1583)-Gramlich,S (1968) Bad Homburg 2004}) 10. Nxe2 O-O-O 11. b3 Ne4 12. Rd1 Bb4 13. d3 Rhe8 14. Be3 Nc5 $2 {[%emt 0:02:46] [#]} (14... Nf6 $15 {stays ahead.} 15. a3 Bd6) 15. d4 $2 (15. a3 $1 $16 Nxb3 16. Rab1) 15... Ne4 16. a3 Nc3 17. Nxc3 Bxc3 18. Rab1 f6 19. Rd3 Ba5 20. b4 Bb6 21. a4 Re4 22. Nd2 Re7 23. Nf3 Red7 24. g3 Nxd4 25. Nxd4 Bxd4 26. Bxd4 Rxd4 27. Rxd4 Rxd4 28. Kg2 a5 29. bxa5 Rxa4 30. Rb5 g6 31. Rd5 c6 32. Rd6 Rxa5 33. Rxf6 Rf5 34. Rd6 Kc7 35. Rd1 b5 36. Rb1 Kb6 37. Re1 b4 38. Rb1 c5 39. g4 Rf7 40. h4 Kb5 41. Kf1 c4 42. Ke2 Rd7 43. f4 c3 44. f5 c2 45. Rc1 b3 46. fxg6 hxg6 0-1

[Event "Satka Autumn 2018"]
[Site "Satka"]
[Date "2018.09.17"]
[Round "7"]
[White "Mironenko, Galina"]
[Black "Mikheeva, Galina"]
[Result "1-0"]
[ECO "A80"]
[WhiteElo "2021"]
[BlackElo "1767"]
[Annotator "NA RC"]
[PlyCount "73"]
[EventDate "2018.09.11"]
[EventType "swiss"]
[EventCountry "RUS"]
[SourceTitle "playchess.com"]
[Source "ChessBase"]
[SourceQuality "1"]
[TimeControl "40/5400+30:1800+30"]

1. d4 f5 2. Bf4 Nf6 3. e3 g6 4. h4 h6 {[%emt 0:00:21] A80: Dutch Defence: Unusual White second moves} 5. Nc3 Bg7 {[%emt 0:00:47] LiveBook: 6 Games} (5... d6 6. Qf3 c6 7. O-O-O Be6 8. Bd3 Qa5 9. a3 Nbd7 10. e4 O-O-O 11. Nge2 fxe4 12. Nxe4 {½-½ (40) Sjugirov,S (2650)-Nepomniachtchi,I (2729) Riadh 2017}) 6. Bc4 d6 7. Qf3 Nbd7 $146 ({Predecessor:} 7... e6 8. Qg3 Kf7 9. Be2 Nc6 10. O-O-O Qe7 11. Nh3 {0-1 (44) Bortnyk,O (2600)-Gasanov,E (2482) Omelnyk 2017}) 8. O-O-O c6 9. Nge2 d5 10. Bd3 Nf8 11. Be5 e6 12. Nf4 Kf7 13. Qg3 Ng4 (13... Rg8 {is a better defense.} 14. Kb1 Ng4) 14. Bxg7 Kxg7 15. Rde1 Kf7 16. f3 Nf6 17. Qf2 Qd6 (17... h5 $142 18. Qg3 Qd6) 18. g4 Bd7 19. gxf5 exf5 20. Rhg1 Rg8 {[%emt 0:00:51] [#]} 21. Bf1 ({White should try} 21. Qd2 $1 $18) 21... Be6 (21... Ne6 $16) 22. Nd3 N8d7 {[%emt 0:00:17] [#]} (22... Kg7 $16 {kämpft weiter.}) 23. e4 $1 Qc7 (23... Nh5 $142 24. Qe3 f4) 24. Qe3 dxe4 25. fxe4 Ng4 26. Rxg4 fxg4 27. d5 g5 $2 (27... Bxd5 28. exd5 Rae8 29. Qxh6 (29. Qf2+ Kg7 $18) 29... Rh8) 28. dxe6+ Kxe6 29. Be2 Ke7 30. Bxg4 Qb6 31. Qg3 $18 Raf8 32. Ne5 Nf6 33. Nc4 Qc5 34. Qc7+ Nd7 35. Qxd7+ Kf6 36. e5+ Kg6 37. h5# 1-0

[Event "Satka Autumn 2018"]
[Site "Satka"]
[Date "2018.09.17"]
[Round "7"]
[White "Simakova, Elena"]
[Black "Nasybullina, Dayana"]
[Result "1/2-1/2"]
[ECO "C10"]
[WhiteElo "1935"]
[BlackElo "1809"]
[Annotator "NA RC"]
[PlyCount "80"]
[EventDate "2018.09.11"]
[EventType "swiss"]
[EventCountry "RUS"]
[SourceTitle "playchess.com"]
[Source "ChessBase"]
[SourceQuality "1"]
[TimeControl "40/5400+30:1800+30"]

1. e4 e6 2. d4 d5 3. Nd2 dxe4 4. Nxe4 Nd7 5. Nf3 Ngf6 6. Nxf6+ Nxf6 7. c3 Be7 8. Bd3 O-O 9. O-O b6 10. Qe2 Bb7 11. Bg5 h6 {[%emt 0:02:58] LiveBook: 15 Games C10: French with 3 Nc3: Unusual Black 3rd moves and 3...dxe4} 12. Bh4 Qd5 (12... Nh5 13. Bxe7 Qxe7 14. Qe3 Nf6 15. a4 c5 16. dxc5 bxc5 17. Rfd1 Rfd8 18. Ne5 Qc7 19. Bc4 {½-½ (66) Sjugirov,S (2610)-Matlakov,M (2603) Chotowa 2010}) 13. Bc4 Qh5 14. Bg3 c5 $146 ({Predecessor:} 14... Bd6 15. Ne5 Qxe2 16. Bxe2 Ne4 17. Bf4 Nf6 18. Rad1 Rad8 19. Rd2 {½-½ (34) Seidel,S-Kruck,M Bensheim 1997}) 15. Rad1 cxd4 16. Rxd4 Rfd8 17. Rfd1 Rxd4 18. Rxd4 Bc5 19. Rd1 Ne4 20. Nd4 Nxg3 21. hxg3 Qxe2 22. Nxe2 Bc6 23. b4 Be7 24. b5 Be8 25. a4 Rd8 26. Rxd8 Bxd8 27. Nd4 Kf8 28. Kf1 Bf6 29. Nc6 Bxc6 30. bxc6 Ke7 31. Bb5 Kd6 32. c4 Bd4 33. Ke2 a6 34. Bxa6 Kxc6 35. g4 Kd6 36. Bb5 Bc5 37. Be8 Ke7 38. Bb5 Kd6 39. Be8 Ke7 40. Bb5 Kd6 1/2-1/2

[Event "Satka Autumn 2018"]
[Site "Satka"]
[Date "2018.09.17"]
[Round "7"]
[White "Stroganova, Karina"]
[Black "Mirgalina, Anna"]
[Result "1-0"]
[ECO "E18"]
[WhiteElo "1711"]
[BlackElo "1339"]
[Annotator "NA RC"]
[PlyCount "43"]
[EventDate "2018.09.11"]
[EventType "swiss"]
[EventCountry "RUS"]
[SourceTitle "playchess.com"]
[Source "ChessBase"]
[SourceQuality "1"]
[TimeControl "40/5400+30:1800+30"]

1. d4 Nf6 2. Nf3 e6 3. c4 b6 4. g3 Bb7 5. Bg2 Be7 6. O-O O-O 7. Nc3 d5 8. Ne5 Nbd7 9. Re1 Rb8 10. Qa4 Nxe5 11. dxe5 Nd7 12. cxd5 exd5 13. Nxd5 Nxe5 14. Rd1 Bd6 15. Bf4 Qe8 16. Qxa7 Nc6 17. Qa4 Qd8 18. Bxd6 Qxd6 19. Nxb6 Qe6 20. Nd7 Rbd8 21. Nxf8 Rxf8 22. Rac1 1-0

[Event "Satka Autumn 2018"]
[Site "Satka"]
[Date "2018.09.17"]
[Round "7"]
[White "Telelyukhina, Elizaveta"]
[Black "Skobochkina, Maria"]
[Result "1/2-1/2"]
[ECO "A04"]
[WhiteElo "1403"]
[BlackElo "1294"]
[Annotator "NA RC"]
[PlyCount "80"]
[EventDate "2018.09.11"]
[EventType "swiss"]
[EventCountry "RUS"]
[SourceTitle "playchess.com"]
[Source "ChessBase"]
[SourceQuality "1"]
[TimeControl "40/5400+30:1800+30"]

1. Nf3 Nc6 2. g3 e5 3. d3 d5 4. Bg2 Nf6 5. O-O Be7 6. Nbd2 O-O 7. e4 Bg4 8. h3 Bh5 9. Re1 Qd6 10. b3 Nd4 11. Bb2 Nxf3+ 12. Nxf3 d4 13. Qe2 c5 14. g4 Bg6 15. Nd2 b5 16. f4 h6 17. f5 Bh7 18. Red1 Nd7 19. a3 Bg5 20. Nf3 Be3+ 21. Kh1 Qf6 22. Bc1 Bxc1 23. Raxc1 Rfe8 24. b4 cxb4 25. axb4 Rac8 26. Ra1 a6 27. Ra2 Qd6 28. Qd2 Rc3 29. Rb1 Rec8 30. Qd1 Kf8 31. Qd2 Bg8 32. Ne1 f6 33. Rab2 Nb6 34. Ra1 Na4 35. Rbb1 Bf7 36. Bf3 Ke7 37. Bd1 R3c6 38. Kg2 Nc3 39. Rb2 Na4 40. Rbb1 Nc3 1/2-1/2

[Event "Satka Autumn 2018"]
[Site "Satka"]
[Date "2018.09.17"]
[Round "7"]
[White "Nikolaeva, Daria S"]
[Black "Svetlova, Ksenia"]
[Result "0-1"]
[ECO "B50"]
[WhiteElo "1164"]
[BlackElo "1696"]
[Annotator "NA RC"]
[PlyCount "56"]
[EventDate "2018.09.11"]
[EventType "swiss"]
[EventCountry "RUS"]
[SourceTitle "playchess.com"]
[Source "ChessBase"]
[SourceQuality "1"]
[TimeControl "40/5400+30:1800+30"]

1. e4 c5 2. Nf3 d6 3. h3 Nc6 4. Nc3 g6 5. Bc4 Bg7 6. d3 Nf6 7. O-O O-O 8. Be3 Na5 9. Bb3 a6 10. e5 dxe5 11. Nxe5 Nxb3 12. axb3 Nd5 13. d4 Nxe3 14. fxe3 Qc7 15. Nf3 Rd8 16. Ne2 Bf5 17. c3 e5 18. Rc1 Qb6 19. Nh4 Be6 20. c4 exd4 21. exd4 cxd4 22. Qd3 Qc5 23. Rcd1 Rd7 24. Rd2 Rad8 25. Rfd1 Bh6 26. Rc2 Be3+ 27. Kh1 Qh5 28. Nf3 Bf5 0-1

[Event "Satka Autumn 2018"]
[Site "Satka"]
[Date "2018.09.18"]
[Round "8"]
[White "Makarenko, Alexandra"]
[Black "Trapeznikova, Darya"]
[Result "1-0"]
[ECO "C60"]
[WhiteElo "2247"]
[BlackElo "2107"]
[Annotator "NA"]
[PlyCount "79"]
[EventDate "2018.09.11"]
[EventType "swiss"]
[EventCountry "RUS"]
[SourceTitle "playchess.com"]
[Source "ChessBase"]
[SourceQuality "1"]
[TimeControl "40/5400+30:1800+30"]

1. e4 e5 2. Nf3 Nc6 3. Bb5 Nge7 4. Nc3 g6 5. d4 exd4 6. Nxd4 Bg7 7. Be3 {[%emt 0:00:07] LiveBook: 30 Games} O-O {[%emt 0:01:36] C60: Ruy Lopez: Unusual Black 3rd moves and 3...g6} 8. Qd2 (8. O-O d5 9. Nxd5 Nxd5 10. exd5 Nxd4 11. Bxd4 Qxd5 12. Bxg7 Qxd1 13. Raxd1 Kxg7 14. Bd7 Rd8 15. Bxc8 Raxc8 16. f4 Kf6 17. Kf2 Re8 18. Rd4 Rcd8 19. Rfd1 Rxd4 20. Rxd4 {½-½ (20) Brkic,A (2552)-Bosiocic,M (2610) Valpovo 2017}) 8... a6 9. Be2 d6 10. O-O-O b5 11. Nxc6 Nxc6 12. Bh6 Re8 $146 ({Predecessor:} 12... Be6 13. h4 Bxh6 14. Qxh6 Ne5 15. f4 {1-0 (36) Zboril,R (2332)-Carnevale,R (2279) ICCF email 2010}) 13. Bxg7 Kxg7 14. Nd5 Bd7 ({Better is} 14... Rxe4 15. Bf3 Re5) 15. f3 b4 16. h4 h6 17. Nxb4 ({White should play} 17. Kb1 $18) 17... Nxb4 18. Qxb4 Be6 19. Qd4+ Kg8 20. Bc4 Bxc4 21. Qxc4 Re5 22. f4 Rb5 23. a4 Rb6 24. f5 gxf5 25. exf5 Rab8 (25... Qf6 $16 {was worth a try.}) 26. b3 Qf6 27. Qg4+ Kh7 28. Qd4 Qxf5 29. Rhf1 Qg6 30. Rf6 Qg7 31. Rdf1 Kg8 32. Qe3 d5 33. Rxf7 Qxf7 34. Rxf7 Kxf7 35. Qf4+ Kg6 36. Qxc7 R8b7 37. Qe5 $18 Rd7 38. Qe8+ Rf7 39. Qg8+ Rg7 40. h5+ 1-0

[Event "Satka Autumn 2018"]
[Site "Satka"]
[Date "2018.09.18"]
[Round "8"]
[White "Simakova, Elena"]
[Black "Sosnina, Nadezhda"]
[Result "1-0"]
[ECO "B74"]
[WhiteElo "1935"]
[BlackElo "1659"]
[Annotator "NA RC"]
[PlyCount "69"]
[EventDate "2018.09.11"]
[EventType "swiss"]
[EventCountry "RUS"]
[SourceTitle "playchess.com"]
[Source "ChessBase"]
[SourceQuality "1"]
[TimeControl "40/5400+30:1800+30"]

1. e4 c5 2. Nf3 d6 3. d4 cxd4 4. Nxd4 Nf6 5. Nc3 g6 6. Be2 Bg7 7. Be3 O-O 8. O-O Nc6 9. Nb3 Bd7 10. h3 Rc8 {[%emt 0:01:01] LiveBook: 3 Games B73: Sicilian Dragon: Classical System without 9 Nb3} (10... a6 11. a4 Na5 12. Nxa5 Qxa5 13. Qd2 Rfc8 14. Bd3 Qb4 15. a5 Qxb2 16. Na4 Bxa4 17. Rxa4 Qe5 18. Rb1 d5 19. f4 {0-1 (38) Styazhkina,A (2289)-Neverov,V (2478) New Delhi 2017}) 11. f4 a6 12. a4 Na5 (12... Be6 $11 {remains equal.}) 13. e5 Nxb3 $146 (13... Rxc3 $16 14. bxc3 Ne4) ({Predecessor:} 13... Ne8 14. Nd5 Nxb3 15. Bb6 Nxa1 16. Bxd8 Rxd8 17. Nxe7+ Kh8 18. Qxa1 dxe5 19. fxe5 Bxe5 {0-1 (32) Grollemund,B (2163)-Grosse,L (1842) Montpellier 2013}) 14. exf6 ({And not} 14. cxb3 Ne8 $11) 14... Nxa1 15. fxg7 Kxg7 16. Qxa1 Bf5 17. Qd1 Qa5 18. Bd3 (18. g4 $142 Bd7 19. Nd5) 18... Rfd8 $2 (18... f6 19. Be2 Qb4) 19. Bxf5 Qxf5 20. Bd4+ Kg8 21. g4 Qe6 22. Re1 Qd7 23. Nd5 Rb8 24. Rxe7 Qxa4 25. b3 Qc6 26. c4 Kf8 27. Rc7 Qe8 28. Nf6 Qe6 29. Nxh7+ Kg8 30. Ng5 Qe8 31. Rxf7 Rd7 32. Rxd7 Qxd7 33. Bc3 Qc6 34. Qd3 Qe8 35. Qd4 1-0

[Event "Satka Autumn 2018"]
[Site "Satka"]
[Date "2018.09.18"]
[Round "8"]
[White "Matsenko, Elena"]
[Black "Telelyukhina, Elizaveta"]
[Result "1-0"]
[ECO "B40"]
[WhiteElo "1854"]
[BlackElo "1403"]
[Annotator "NA"]
[PlyCount "81"]
[EventDate "2018.09.11"]
[EventType "swiss"]
[EventCountry "RUS"]
[SourceTitle "playchess.com"]
[Source "ChessBase"]
[SourceQuality "1"]
[TimeControl "40/5400+30:1800+30"]

1. e4 c5 2. Nf3 e6 3. b3 Nc6 4. Bb2 Nf6 {[%emt 0:00:39] LiveBook: 149 Games} 5. e5 Nd5 6. c4 Nf4 7. g3 {[%emt 0:00:12] B40: Sicilian: 2...e6, Unusual lines} Ng6 8. Bg2 Qc7 (8... d5 $11 {remains equal.}) (8... Be7 9. O-O O-O 10. Na3 a6 11. Nc2 Qc7 12. Qe2 b6 13. d4 cxd4 14. Ncxd4 Bb7 {1-0 (38) Hossain,E (2452)-Tran,M (2409) Chengdu 2017}) 9. Qe2 Be7 10. O-O O-O $1 11. h4 f6 12. exf6 Bxf6 13. Nc3 $146 ({Predecessor:} 13. Bxf6 Rxf6 14. Nc3 a6 {0-1 (47) Chandler,P (2206)-Langenfeld,O (2033) Frankfurt 2011}) 13... a6 14. Rad1 b6 (14... Nge7 $11) 15. h5 Nge7 16. d3 (16. d4 $1 $14) 16... Bb7 17. Ne4 Bxb2 18. Qxb2 Nf5 $1 19. Qe2 Ncd4 20. Nxd4 Nxd4 21. Qg4 h6 22. f4 Rf5 23. Rf2 Raf8 24. Rdf1 d5 ({Günstiger ist} 24... d6 $15) 25. Nc3 ({Better is} 25. Nd2 $11) 25... b5 26. cxb5 axb5 27. Ne2 Nc2 28. Qf3 Qa5 29. Rc1 $2 (29. d4 $11) 29... Nb4 $2 ({Better is} 29... Ne1 $19 30. Qe3 Nxg2 31. Qxe6+ Kh8 32. Kxg2 d4+ 33. Kf1 Rxh5) 30. Nc3 (30. d4 $14) 30... Bc6 (30... Qb6 $17) 31. Qe2 Bd7 32. Bh3 R5f6 33. Rff1 Rc8 $15 34. Rfe1 c4 35. dxc4 bxc4 36. bxc4 Rxc4 37. Kh2 Qc5 38. Ne4 Rxc1 39. Nxc5 Rxc5 40. Qe5 Nd3 41. Qe3 1-0

[Event "Satka Autumn 2018"]
[Site "Satka"]
[Date "2018.09.18"]
[Round "8"]
[White "Mikheeva, Galina"]
[Black "Lapteva, Yulia"]
[Result "1-0"]
[ECO "C47"]
[WhiteElo "1767"]
[BlackElo "1074"]
[Annotator "NA RC"]
[PlyCount "65"]
[EventDate "2018.09.11"]
[EventType "swiss"]
[EventCountry "RUS"]
[SourceTitle "playchess.com"]
[Source "ChessBase"]
[SourceQuality "1"]
[TimeControl "40/5400+30:1800+30"]

1. e4 e5 2. Nf3 Nf6 3. Nc3 Nc6 4. d4 exd4 5. Nxd4 Bb4 6. Nxc6 bxc6 7. Bd3 d5 8. exd5 cxd5 9. Qe2+ Qe7 10. Qxe7+ Kxe7 11. O-O h6 12. Bf4 c6 13. Rfe1+ Be6 14. Bd2 Bd6 15. Re2 Rhe8 16. Rae1 Kd7 17. Na4 Bg4 18. f3 Rxe2 19. Rxe2 Be6 20. Be3 Nh5 21. g3 Kc7 22. Nc5 a5 23. Bd4 Re8 24. f4 Bxc5 25. Bxc5 Kd7 26. f5 Nf6 27. fxe6+ fxe6 28. Bd4 Kd6 29. Be5+ Ke7 30. Bc3 Kf7 31. Bxa5 Ra8 32. b4 Ke7 33. Bf5 1-0

[Event "Satka Autumn 2018"]
[Site "Satka"]
[Date "2018.09.18"]
[Round "8"]
[White "Svetlova, Ksenia"]
[Black "Stroganova, Karina"]
[Result "1-0"]
[ECO "B01"]
[WhiteElo "1696"]
[BlackElo "1711"]
[Annotator "NA RC"]
[PlyCount "39"]
[EventDate "2018.09.11"]
[EventType "swiss"]
[EventCountry "RUS"]
[SourceTitle "playchess.com"]
[Source "ChessBase"]
[SourceQuality "1"]
[TimeControl "40/5400+30:1800+30"]

1. e4 d5 2. exd5 Qxd5 3. Nc3 Qd6 4. d4 Nf6 5. Nf3 c6 6. g3 Bg4 7. Be2 Nbd7 8. Bf4 Qb4 9. O-O e6 10. a3 Qa5 11. b4 Qh5 12. Ne5 Bxe2 13. Qxe2 Qh3 14. Nxd7 Kxd7 15. Rad1 Nd5 16. Nxd5 exd5 17. b5 Bxa3 18. bxc6+ bxc6 19. Qa6 Bf8 20. Qb7+ 1-0

[Event "Satka Autumn 2018"]
[Site "Satka"]
[Date "2018.09.18"]
[Round "8"]
[White "Aleshina, Arina"]
[Black "Nasybullina, Dayana"]
[Result "0-1"]
[ECO "B80"]
[WhiteElo "1319"]
[BlackElo "1809"]
[Annotator "NA"]
[PlyCount "114"]
[EventDate "2018.09.11"]
[EventType "swiss"]
[EventCountry "RUS"]
[SourceTitle "playchess.com"]
[Source "ChessBase"]
[SourceQuality "1"]
[TimeControl "40/5400+30:1800+30"]

1. e4 c5 2. Nf3 e6 3. d4 cxd4 4. Nxd4 Nf6 5. Nc3 d6 6. f3 Be7 7. Be3 Qb6 {[%emt 0:02:37] B80: Sizilianisch (Scheveninger System)} (7... O-O $11 8. Qd2 Nc6 9. O-O-O d5 10. Be2 dxe4 11. Nxc6 bxc6 12. Qxd8 Bxd8 13. Nxe4 Nxe4 14. fxe4 Bb6 15. Bxb6 axb6 16. Kb1 Ba6 17. Bxa6 Rxa6 18. Rd6 {1-0 (34) Shankland,S (2727)-Duda,J (2737) Danzhou 2018}) 8. Qc1 $146 ({White should play Vorgänger:} 8. Qd2 Qd8 9. O-O-O (9. Bb5+ Bd7 10. Bxd7+ Nbxd7 11. Rd1 a6 12. O-O O-O 13. Nde2 Ne5 14. Ng3 Nc4 15. Qc1 {0-1 (25) Nadinsky,V-Slivko,V Nikolaev 2009})) 8... Qa5 9. Nb3 Qd8 10. Be2 O-O 11. O-O a6 12. Na4 Nbd7 13. c4 $1 Qc7 14. Nd4 (14. Rd1 $14) 14... b6 (14... Ne5 $11) 15. Qc2 Bb7 16. Rac1 Rac8 17. Rfd1 Nc5 18. Nc3 Rfd8 19. Rd2 Ncd7 20. b3 (20. Qd1 $14) 20... Nb8 (20... d5 $11) 21. Bf1 Nc6 {[%emt 0:01:39] [#]} ({Better is} 21... Nbd7 $14) 22. Nce2 (22. Nd5 $1 $16 Nxd4 23. Nxe7+ Qxe7 24. Bxd4) 22... Nxd4 23. Nxd4 h6 24. Rdd1 Qb8 25. Qf2 d5 26. exd5 Ba3 27. Rb1 exd5 28. Nf5 Qe5 29. Ng3 Rd6 {[%emt 0:15:02] [#]} 30. Kh1 (30. Re1 $1 $16 Rd7 31. Bxb6) 30... Bc5 31. Bxc5 bxc5 32. cxd5 Rxd5 33. Bc4 Rxd1+ 34. Rxd1 Re8 35. Qf1 Nd5 36. Bxd5 Bxd5 37. Qxa6 Ra8 (37... c4 $11 38. Rg1 cxb3 39. axb3 Bxb3) 38. Qd3 Rxa2 39. Nf1 Be6 40. Qd8+ Kh7 41. Qd3+ g6 42. Nd2 Qb2 43. h3 Kg7 44. Qe3 (44. Kg1 $17) 44... Qc2 45. Qg1 $19 Bxb3 46. Nxb3 Qxb3 47. Rc1 Rc2 48. Rxc2 Qxc2 49. Qe3 Qd1+ 50. Kh2 Qd6+ 51. Kh1 Qd4 52. Qc1 c4 53. Qc2 c3 54. Kh2 Qf4+ 55. Kh1 Qd2 56. Qe4 c2 57. Qe5+ Kh7 0-1

[Event "Satka Autumn 2018"]
[Site "Satka"]
[Date "2018.09.18"]
[Round "8"]
[White "Kargina, Diana"]
[Black "Sosnina, Ekaterina"]
[Result "0-1"]
[ECO "B01"]
[WhiteElo "1093"]
[BlackElo "1955"]
[Annotator "NA RC"]
[PlyCount "66"]
[EventDate "2018.09.11"]
[EventType "swiss"]
[EventCountry "RUS"]
[SourceTitle "playchess.com"]
[Source "ChessBase"]
[SourceQuality "1"]
[TimeControl "40/5400+30:1800+30"]

1. e4 d5 2. exd5 Nf6 3. Nc3 Nxd5 4. d4 Nc6 5. Nf3 Bf5 {[%emt 0:00:57] B02: Aljechin-Verteidigung (Jagdvariante)} (5... Bg4 6. Be2 e6 7. O-O Nf6 8. h3 Bh5 9. Bb5 Bd6 10. Bg5 O-O 11. Bxc6 bxc6 12. Ne4 Be7 13. Bxf6 gxf6 {1-0 (27) Mamedov,R (2647)-Li,W (2424) Al Ain 2012}) 6. Bd3 Bg6 $146 ({Vorgänger:} 6... Bxd3 7. Qxd3 e6 8. O-O Be7 9. Ne4 Qd7 10. a3 O-O-O 11. c4 Nf6 12. Be3 h6 13. Rfd1 {1-0 (32) Forgo,E (2155)-Legman,M (1994) Hungary 2014}) 7. Be3 e6 8. O-O Ncb4 9. Bxg6 hxg6 10. Nxd5 Nxd5 11. c4 Nb6 (11... Nxe3 $14 12. fxe3 c6) 12. b3 Bd6 13. Qd3 $2 {[%emt 0:00:32] [#]} ({Worse is} 13. c5 Bxh2+ 14. Nxh2 Qh4 $17) (13. h4 $16 {stays on course.}) 13... Bxh2+ $1 14. Nxh2 Qh4 15. f3 Qxh2+ 16. Kf2 Qh4+ 17. Kg1 O-O-O 18. Rfd1 Qg3 19. Qe4 Rh2 20. Qc2 $2 (20. Rd2 $17 Rdh8 21. Kf1) 20... Rdh8 21. Kf1 {[%emt 0:00:47] [#]} f5 $2 (21... Qxf3+ $1 $19 22. gxf3 Rxc2) 22. Qd2 g5 23. Qf2 Qxf2+ 24. Bxf2 Nd7 25. Re1 Nf8 ({Black should try} 25... Rh1+ $15 26. Ke2 R1h2) 26. Rad1 Ng6 27. Bg1 Rh1 28. Rxe6 Nf4 29. Re5 R8h2 30. Rd2 Nh3 31. Re8+ Kd7 32. Rh8 Rxg1+ 33. Ke2 Rgxg2+ 0-1

[Event "Satka Autumn 2018"]
[Site "Satka"]
[Date "2018.09.19"]
[Round "9"]
[White "Filippova, Darya"]
[Black "Matsenko, Elena"]
[Result "1-0"]
[ECO "A17"]
[WhiteElo "2061"]
[BlackElo "1854"]
[Annotator "NA RC"]
[PlyCount "81"]
[EventDate "2018.09.11"]
[EventType "swiss"]
[EventCountry "RUS"]
[SourceTitle "playchess.com"]
[Source "ChessBase"]
[SourceQuality "1"]
[TimeControl "40/5400+30:1800+30"]

1. c4 Nf6 2. Nc3 e6 3. Nf3 d5 4. cxd5 exd5 5. d4 c6 6. Qc2 Be7 7. Bf4 Nbd7 8. h3 Nf8 9. e3 Ne6 {[%emt 0:00:25] D35: Queen's Gambit Declined: Exchange Variation} 10. Bh2 {[%emt 0:01:11] LiveBook: 7 Games} Bd6 11. Bxd6 Qxd6 12. Bd3 g6 13. O-O $146 ({Predecessor:} 13. O-O-O Bd7 14. Kb1 O-O-O 15. Nb5 Qb4 16. Ne5 Kb8 17. Nc3 {½-½ (40) Parligras,M (2613)-Kuzubov,Y (2690) Hungary 2017}) 13... O-O 14. Rab1 Ng7 15. b4 a6 16. Na4 Bf5 17. Nc5 Bxd3 18. Qxd3 Qe7 19. Ne5 Nf5 20. a4 Nd6 21. Rfc1 Rfe8 22. Rb3 Kg7 23. Qe2 Nfe4 24. f3 Ng5 25. Qf2 f6 26. Ng4 h5 27. Nh2 $1 Ngf7 28. Nf1 f5 29. f4 Qd8 30. Nd2 Qe7 31. Nf3 Ne4 32. Qe1 Nfd6 33. Ne5 Rac8 34. Ncd3 Ra8 35. Rc2 Rh8 36. Qc1 Rad8 $2 {[%emt 0:03:19] [#]} (36... Rac8 $11 {und Schwarz ist OK.}) 37. b5 $1 axb5 38. axb5 Nc4 $2 ({Viel schlechter ist} 38... Nxb5 {[#]} 39. Rxb5 $1 Rhg8 40. Ra5 $18) (38... Qh4 {war angesagt.} 39. bxc6 bxc6 40. Rxc6 Kh6) 39. bxc6 Nxe5 (39... bxc6 $142 40. Nxc6 Qh4 41. Nxd8 Rxd8 42. Rb7+ Kh6) 40. Nxe5 Kh6 41. Rxb7 $18 1-0